 Dungeon Crawl Stone Soup version 0.18-a0-1789-gbeff17f (webtiles) character file.

135 BrandedWarrior the Gusty (level 4, 0/25 HPs)
             Began as a Deep Elf Air Elementalist on Apr 21, 2016.
             Slain by Grinder (7 damage)
             ... on level 3 of the Dungeon.
             The game lasted 00:15:28 (2354 turns).

BrandedWarrior the Gusty (DEAE)                     Turns: 2354, Time: 00:15:28

Health: 0/25       AC:  2    Str:  5    XL:     4   Next: 96%
Magic:  11/11      EV: 13    Int: 21    God:
Gold:   139        SH:  0    Dex: 15    Spells: 2 memorised, 7 levels left

rFire  . . .     SeeInvis +     (no weapon)
rCold  . . .     Gourm    .     a - +0 robe
rNeg   . . .     Faith    .     (no shield)
rPois  .         Spirit   .     (no helmet)
rElec  .         Dismiss  .     (no cloak)
rCorr  +         Reflect  .     (no gloves)
SustAt .         Harm     .     (no boots)
MR     .....                    (no amulet)
Stlth  ++........               n - ring of resist corrosion
                                l - ring of see invisible

@: repel missiles, not resistant to hostile enchantments, unstealthy
A: sense surroundings 1
a: no special abilities


You were on level 3 of the Dungeon.
You were not hungry.

You visited 1 branch of the dungeon, and saw 3 of its levels.

You collected 139 gold pieces.

Inventory:

Missiles
 e - 91 stones (quivered)
 h - 19 poisoned needles
Armour
 a - a +0 robe (worn)
Jewellery
 l - a ring of see invisible (left hand)
 n - a ring of resist corrosion (right hand)
Scrolls
 d - 2 scrolls of remove curse
 f - 2 scrolls of enchant armour {unknown}
 k - a scroll of amnesia
 m - a scroll of blinking {unknown}
 v - a scroll of immolation {unknown}
Potions
 g - a potion of agility {unknown}
 i - a potion of cancellation {unknown}
 o - a potion of cure mutation
 p - a potion of brilliance
 r - a potion of curing {unknown}
 w - a potion of degeneration {unknown}
Books
 b - a book of Air

   Spells                             Type                      Level
   a - Shock                          Conjuration/Air              1
   b - Swiftness                      Charms/Air                   2
   c - Repel Missiles                 Charms/Air                   2
   d - Static Discharge               Conjuration/Air              3
   e - Lightning Bolt                 Conjuration/Air              5
Comestibles
 c - 2 meat rations
 q - 2 beef jerkies
 s - 3 bread rations
 t - a chunk of flesh


   Skills:
 * Level 1.3 Fighting
 + Level 2.8 Dodging
 + Level 3.1 Stealth
 + Level 3.7 Spellcasting
 + Level 1.8 Conjurations
 * Level 4.3 Air Magic


You had 7 spell levels left.
You knew the following spells:

 Your Spells              Type           Power        Failure   Level  Hunger
a - Shock                 Conj/Air       ###.         3%          1    None
b - Repel Missiles        Chrm/Air       ##....       10%         2    ##.....


Dungeon Overview and Level Annotations

Branches:
Dungeon (3/15)

Altars:

Annotations:
D:3 Grinder


Innate Abilities, Weirdness & Mutations

You passively map a small area around you.


Message History

Okay, then.
Unknown command.
Unknown command.
Drink which item? (? for menu, Esc to quit)
You feel a strange attunement to the structure of the dungeons.
You feel fantastic! The bat hits you but does no damage. Grinder hits you!
You writhe in agony.
Read which item? (? for menu, Esc to quit)
As you read the scroll labeled JIUXIC PU VOM, it crumbles to dust.
It is a scroll of amnesia.
Forget which spell ([?*] list [ESC] exit)?
Your memory of Static Discharge unravels.
Grinder hits you.
You writhe in agony.
* * * LOW HITPOINT WARNING * * *
Read which item? (? for menu, Esc to quit)
As you read the scroll labeled EZUFED GUAF, it crumbles to dust.
You feel blessed for a moment.
It was a scroll of remove curse.
Grinder says, "Mostly I couldn't keep them alive."
Grinder hits you!
You die...

#.........###+####
#....####.##.....#
#.., * #†##.....# #
* #.##.....# ,
#.##.....#
#)##...<.#
#........### *
.#########.........
[......@5b......##.
#########.......#
,.........# * *
###.#.....#*
#......## *
####.### * , ,* ..
,* ###


You could see Grinder and a bat.

Vanquished Creatures
  4 gnolls (D:2)
  3 adders (D:2)
  An ooze (D:1)
  2 giant geckos (D:2)
  3 orcs (D:3)
  3 hobgoblins
  5 jackals
  2 quokkas (D:2)
  3 ball pythons
  5 bats
  3 giant newts
  10 goblins
  10 kobolds
  7 rats
61 creatures vanquished.

Vanquished Creatures (others)
  A goblin (D:1)
  A rat (D:1)
2 creatures vanquished.

Grand Total: 63 creatures vanquished

Notes
Turn   | Place    | Note
--------------------------------------------------------------
     0 | D:1      | BrandedWarrior the Deep Elf Air Elementalist began the quest for the Orb.
     0 | D:1      | Reached XP level 1. HP: 10/10 MP: 6/6
   465 | D:1      | Reached XP level 2. HP: 11/15 MP: 4/8
   488 | D:1      | Learned a level 2 spell: Repel Missiles
  1262 | D:2      | Reached XP level 3. HP: 20/20 MP: 5/9
  1277 | D:2      | Learned a level 3 spell: Static Discharge
  1730 | D:2      | Reached XP level 4. HP: 24/24 MP: 8/11
  1861 | D:2      | Reached skill level 4 in Air Magic
  1937 | D:2      | Reached skill level 1 in Fighting
  2343 | D:3      | Noticed Grinder
  2352 | D:3      | Gained mutation: You passively map a small area around you. [potion of beneficial mutation]
  2354 | D:3      | Slain by Grinder

Vault maps used:
D:1:      minmay_arrival_doors, columned_hall_lemuel, lemuel_old_faithful
D:2:      kennysheep_generic_room_5
D:3:      lemuel_crystal_altar, uniq_grinder

Skill      XL: |  1  2  3  4 |
---------------+-------------+-----
Stealth        | 3 |  3.1
Air Magic      | 4 |  4.3
Fighting       | 1 |  1.3
Dodging        | |  2.8
Spellcasting   | |  3.7
Conjurations   | |  1.8

Action                   |  1- 3 |  4- 6 || total
-------------------------+-------+-------++-------
Melee: Unarmed           |     1 |       ||     1
 Cast: Shock             |    78 |    42 ||   120
       Repel Missiles    |     1 |       ||     1
  Use: Scroll            |       |     5 ||     5
       Potion            |       |     1 ||     1
  Eat: Bread ration      |     1 |       ||     1
Armor: Robe              |     5 |     6 ||    11
Dodge: Dodged            |    36 |    16 ||    52
